 Dungeon Crawl Stone Soup version 0.16-a0-2072-gc0ac6de (webtiles) character file.

1185 RobertPalmer the Spear-Bearer (level 8, -5/55 HPs)
             Began as a Vampire Gladiator on Nov 12, 2014.
             Splashed by a jelly's acid (7 damage)
             ... on level 6 of the Dungeon.
             The game lasted 00:12:45 (4820 turns).

RobertPalmer the Spear-Bearer (Vampire Gladiator)   Turns: 4820, Time: 00:12:45

Health: -5/55      AC: -19   Str: 14    XL:     8   Next: 19%
Magic:  8/8        EV: 13    Int: 12    God:
Gold:   244        SH:  0    Dex: 14    Spells: 1 memorised, 5 levels left

rFire  . . .     SeeInvis +     a - +0 trident
rCold  + . .     Clarity  .     b - +1 leather armour
rNeg   . . .     SustAb   .     (no shield)
rPois  +         Gourm    .     c - +0 helmet
rElec  .         Spirit   .     r - +0 cloak
rCorr  .         Warding  .     (no gloves)
rMut   .         Stasis   .     (no boots)
MR     .....                    (no amulet)
Stlth  +.........               u - ring of poison resistance
                                i - ring of protection from cold

@: corroded equipment, regenerating quickly, not resistant to hostile
enchantments, very unstealthy
A: bottle blood, fangs 3, see invisible, unbreathing
a: Bottle Blood


You were on level 6 of the Dungeon.
You were very full.

You visited 1 branch of the dungeon, and saw 6 of its levels.

You collected 244 gold pieces.


Innate Abilities, Weirdness & Mutations

Your natural rate of healing is unusually fast.
You can bottle blood from corpses.
You have razor-sharp teeth.
You have supernaturally acute eyesight.
You can survive without breathing.


   Skills:
 - Level 1.7 Fighting
 - Level 9.1 Polearms
 - Level 1.5 Throwing
 + Level 4.5 Dodging


You had 5 spell levels left.
You knew the following spells:

 Your Spells              Type           Power        Failure   Level  Hunger
d - Repel Missiles        Chrm/Air       #.....       52%         2    ###....

Inventory:

Hand weapons
 a - a +0 trident (weapon)
Missiles
 d - a throwing net (quivered)
Armour
 b - a +1 leather armour (worn)
 c - a +0 helmet (worn)
 r - a +0 cloak (worn)
Jewellery
 i - a ring of protection from cold (left hand)
 u - a ring of poison resistance (right hand)
Magical devices
 j - a wand of polymorph (7)
 m - a wand of invisibility (4)
 x - a wand of polymorph (12)
Scrolls
 f - a scroll of recharging
 g - 4 scrolls of remove curse
 h - 2 scrolls of identify
 o - a scroll of fog
 q - a scroll of magic mapping
 w - a scroll of random uselessness {unknown}
 z - a scroll of immolation {unknown}
 A - a scroll of teleportation {unknown}
Potions
 e - a potion of heal wounds {unknown}
 k - a potion of confusion {unknown}
 l - 3 potions of cure mutation
 n - a potion of cancellation {unknown}
 p - a potion of mutation {unknown}
 s - a potion of haste
 t - a potion of agility {unknown}
 v - a potion of restore abilities {unknown}
Books
 y - a book of Air

Dungeon Overview and Level Annotations

Branches:
Dungeon (6/15)
 Temple: D:4-7

Altars:
Cheibriados
Elyvilon
Gozag
Okawaru
Qazlal
Ru

###...........#
#......##...####
#......##.......
#....#..##.####.
##..#.#.##...# #
#...#..####.###
############....# #.##.
#.........#.....# #.##.
#.#...J@#.).#...# #....
#..#...#.#...#..#####...
#...#...#.....#.#.###)..
#.....#.....)...#.##....
#....############.......
#...#..#########..###...
#..#..............# #...
#.#.....########.######.
##.....## #........


You could see a jelly.


Message History

You hit the jelly. You bite the jelly.
The jelly is almost dead.
The jelly hits you.
* * * LOW HITPOINT WARNING * * *
You are splashed with acid!
The acid corrodes your equipment!
The acid burns!
* * * LOW HITPOINT WARNING * * *
You hit the jelly but do no damage. The acid corrodes your equipment!
The jelly is almost dead.
The jelly jiggles.
The jelly hits you.
* * * LOW HITPOINT WARNING * * *
You are splashed with acid!
The acid corrodes your equipment!
The acid burns!
* * * LOW HITPOINT WARNING * * *
You barely miss the jelly. You bite the jelly, but do no damage.
The jelly is almost dead.
You hit the jelly but do no damage.
The jelly is almost dead.
The jelly barely misses you.
You hit the jelly but do no damage.
The jelly is almost dead.
The jelly hits you.
* * * LOW HITPOINT WARNING * * *
You are splashed with acid!
The acid burns!
* * * LOW HITPOINT WARNING * * *
You hit the jelly.
The jelly is almost dead.
The jelly hits you.
* * * LOW HITPOINT WARNING * * *
You are splashed with acid!
The acid burns!
You die...

Action                   |  1- 3 |  4- 6 |  7- 9 || total
-------------------------+-------+-------+-------++-------
Melee: Trident           |    84 |   308 |   213 ||   605
Throw: Throwing net      |     1 |       |     1 ||     2
  Use: Scroll            |     1 |     4 |     5 ||    10
       Potion            |       |       |     1 ||     1
 Stab: Sleeping          |     1 |       |       ||     1
       Held in net/web   |     3 |       |     2 ||     5
       Confused          |       |     1 |       ||     1
  Eat: Corpse            |    10 |    16 |    10 ||    36

Vault maps used:
D:1:      elethiomel_arrival_maze
D:2:      first_bread, uniq_sigmund
D:3:      grunt_temple_overflow_open, portal_sewer_entry_e,
          nicolae_ru_path_of_blood
D:4:      okawaru_trees_2, uniq_natasha, uniq_iyjb
D:6:      lemuel_temple_firewalk, hangedman_decor_slide_cut, grunt_qazlal_clouds

Notes
Turn   | Place    | Note
--------------------------------------------------------------
     0 | D:1      | RobertPalmer, the Vampire Gladiator, began the quest for the Orb.
     0 | D:1      | Reached XP level 1. HP: 16/16 MP: 1/1
   127 | D:1      | Reached skill level 3 in Polearms
   132 | D:1      | Reached XP level 2. HP: 20/22 MP: 2/2
   647 | D:2      | Reached XP level 3. HP: 23/27 MP: 3/3
   677 | D:2      | Reached skill level 4 in Polearms
   715 | D:2      | Noticed Sigmund
   733 | D:2      | Killed Sigmund
   733 | D:2      | Reached skill level 5 in Polearms
   733 | D:2      | Reached XP level 4. HP: 22/33 MP: 4/4
  1036 | D:2      | Reached XP level 5. HP: 34/38 MP: 5/5
  1556 | D:3      | Found a sacrificial altar of Ru.
  1894 | D:3      | Found a white marble altar of Elyvilon.
  1900 | D:3      | Found an opulent altar of Gozag.
  1901 | D:3      | Found a snail-covered altar of Cheibriados.
  2026 | D:3      | Reached skill level 6 in Polearms
  2460 | D:4      | Reached XP level 6. HP: 33/44 MP: 6/6
  2725 | D:4      | Noticed Natasha
  2729 | D:4      | Killed Natasha
  2838 | D:4      | Noticed Ijyb
  2852 | D:4      | Killed Ijyb
  2941 | D:4      | Found an iron altar of Okawaru.
  3031 | D:4      | Reached skill level 7 in Polearms
  3281 | D:5      | Entered Level 5 of the Dungeon
  3296 | D:5      | Reached XP level 7. HP: 40/49 MP: 7/7
  3751 | D:5      | Reached skill level 8 in Polearms
  4324 | D:5      | Reached skill level 9 in Polearms
  4324 | D:5      | Reached XP level 8. HP: 47/55 MP: 8/8
  4443 | D:6      | Found a stormy altar of Qazlal.
  4470 | D:6      | Learned a level 2 spell: Repel Missiles
  4644 | D:6      | HP: 3/55 [ogre/giant club (17)]
  4666 | D:6      | Reached skill level 4 in Dodging
  4819 | D:6      | HP: 4/55 [acid (8)]
  4820 | D:6      | Splashed by a jelly's acid

Vanquished Creatures
  An ogre (D:6)
  A sky beast (D:5)
  2 ice beasts
  Sigmund (D:2)
  4 scorpions
  2 orc priests
  A crimson imp (D:5)
  An iguana (D:6)
  2 hounds
  3 orc wizards
  A worker ant (D:5)
  Ijyb (D:4)
  3 gnolls (D:4)
  A shadow imp (D:5)
  9 adders
  A worm (D:3)
  7 giant geckos
  An ooze (D:2)
  14 orcs
  A bat zombie (D:5)
  10 goblins
  13 hobgoblins
  5 jackals
  A quokka (D:3)
  4 ball pythons
  18 bats
  A giant cockroach (D:2)
  3 giant newts
  A hobgoblin zombie (D:5)
  12 kobolds
  14 rats
139 creatures vanquished.

Vanquished Creatures (others)
  Natasha (D:4)
1 creature vanquished.

Grand Total: 140 creatures vanquished
